Cogmind - Beta 16.1 @@@ ROGUE MODE // 2026.03.05 @ 00:16:26 Player: Klax Result: Destroyed by Autobeam Turret with Autobeam Performance ------------- Evolutions (0) 0 Regions Visited (2) 400 Robots Destroyed (17) 85 Value Destroyed (478) 478 Prototype IDs (0) 0 Alien Tech Used (0) 0 Bonus (0) 0 TOTAL SCORE: 963 Bonus ------- None Cogmind --------- Core Integrity 0/250 Matter 273/300 Energy 99/100 System Corruption 0% Temperature Cool (12) Movement Core (150) Ox2 Location -10/Subcaves Parts ------- > --- POWER (1) -------- (None) > --- PROPULSION (2) --- Subdweller Monowheel > --- UTILITY (2) ------ Small Storage Unit > --- WEAPON (2) ------- Subdweller Laser > --- INVENTORY (8) ---- Ion Engine Machine Analyzer Visual Processing Unit Sensor Array Core Shielding Subdweller Beam Cannon Assault Rifle Battle Rifle Peak State ------------ > --- POWER ------------ Light Ion Engine > --- PROPULSION ------- Aluminum Leg Aluminum Leg > --- UTILITY ---------- Improved Heat Sink Small Storage Unit > --- WEAPON ----------- EM Shotgun Beam Rifle > --- INVENTORY -------- Ion Engine Light Nuclear Core Visual Processing Unit Sensor Array Core Shielding Assault Rifle Assault Rifle Grenade Launcher [Rating: 12] Favorites ----------- Power Light Ion Engine Engine Light Ion Engine Power Core Light Nuclear Core Propulsion Aluminum Leg Leg Aluminum Leg Wheel Subdweller Monowheel Utility Small Storage Unit Device Improved Heat Sink Storage Small Storage Unit Protection Core Shielding Weapon Assault Rifle Energy Gun Beam Rifle Ballistic Gun Assault Rifle Launcher Grenade Launcher Build | -11 -10 -10 ------- Run | Yrd Mat Sub Slots Evolved . | . . . Power . | . . . Propulsion . | . . . Utility . | . . . Weapon . | . . . Parts Attached 16 | 6 3 7 Power 2 | 1 . 1 Engine 1 | 1 . . Core 1 | . . 1 Reactor . | . . . Propulsion 4 | 2 1 1 Treads . | . . . Leg 3 | 2 1 . Wheel 1 | . . 1 Hover . | . . . Flight . | . . . Utility 3 | 1 1 1 Device 1 | . . 1 Storage 1 | 1 . . Processor . | . . . Hackware . | . . . Protection 1 | . 1 . Artifact . | . . . Weapon 7 | 2 1 4 Energy Gun 3 | . . 3 Energy Cannon . | . . . Ballistic Gun 3 | 2 . 1 Ballistic Cannon . | . . . Launcher 1 | . 1 . Special Weapon . | . . . Impact Weapon . | . . . Slashing Weapon . | . . . Piercing Weapon . | . . . Special Melee Weapon . | . . . Unidentified Prototypes . | . . . Parts Lost 8 | . . 8 Power 2 | . . 2 Propulsion 2 | . . 2 Utility 1 | . . 1 Weapon 3 | . . 3 Highest Loss Streak 3 | . . 3 To Critical Strikes . | . . . Average Backups 6 | 1 5 7 Power 1 | . 1 1 Propulsion . | . . . Utility 2 | . 1 3 Weapon 2 | 1 2 2 Tool/Special . | . . . Unused Backups 6 | . . 6 Power 1 | . . 1 Propulsion . | . . . Utility 3 | . . 3 Weapon 2 | . . 2 Tool/Special . | . . . Average Slot Usage (%) 86 | . 98 79 Engine 10 | . 14 8 Core 1 | . . 3 Leg 16 | . 28 9 Wheel 2 | . . 4 Device 6 | . . 10 Storage 14 | . 14 14 Protection 5 | . 12 . Energy Gun 6 | . . 10 Ballistic Gun 14 | . 20 10 Launcher 6 | . 7 6 Peak Build Rating 12 | 6 8 12 Average Rating 8 | 4 7 9 On Entrance 4 | . 6 8 Avg Prop Armor Cover (%) 7 | . . 7 Naked Turns . | . . . Heaviest Build 16 | 12 14 16 Greatest Support 20 | 20 20 20 Greatest Overweight (x) 5 | . . 5 Average Overweight (x) . | . . . Largest Inventory Capacity 8 | 8 8 8 Average Capacity 7 | 7 8 8 Most Carried 8 | 5 8 8 Average Carried 6 | 2 5 7 Final Capacity 8 | 8 8 8 Final Carried 8 | 2 8 8 Class Distribution -------------------- 100% | Mutant Dominant Class ---------------- Mutant | -10/Materials Mutant | -10/Subcaves Resources | -11 -10 -10 ----------- Run | Yrd Mat Sub Matter Collected 617 | 230 172 215 Remotely . | . . . Salvage Created 389 | . 219 170 Parts 37 | . 21 16 Haulers Intercepted . | . . . Recyclers Shooed . | . . . Parts Field Recycled . | . . . Retrieved Matter . | . . . Parts Self-Destructed 6 | . . 6 Prevented . | . . . Parts Restored . | . . . Kills | -11 -10 -10 ------- Run | Yrd Mat Sub Combat Hostiles Destroyed 15 | . 8 7 Guns 6 | . 3 3 AOE 9 | . 5 4 Classes Destroyed 4 | . 3 1 Watcher 2 | . 2 . Swarmer 5 | . 3 2 Grunt 5 | . 5 . Subdweller 5 | . . 5 Best Kill Streak 3 | . 3 2 Combat Bots Only 3 | . 3 2 Max Kills in Single Turn 2 | . 2 1 Gunslinging . | . . . Exploded 2 | . 2 1 Melee . | . . . Uniques/NPCs Destroyed . | . . . Combat | -11 -10 -10 -------- Run | Yrd Mat Sub Hostile Shots Fired 101 | . 36 65 Missed 35 | . 13 22 Hits 66 | . 23 43 Projectile 66 | . 23 43 AOE 3 | . . 3 Damage Taken 1044 | . 279 765 Core 255 | . 19 236 Absorbed by Shields . | . . . Redirected to Shielding 4 | . 4 . Core Remaining (%) 100 | 100 . . Volleys Fired 44 | . 18 26 Largest 2 | . 2 2 Hottest 101 | . 50 101 Shots Fired 77 | . 35 42 Gun 58 | . 26 32 Cannon . | . . . Launcher 19 | . 9 10 Special . | . . . Kinetic 41 | . 26 15 Thermal 16 | . . 16 Explosive 19 | . 9 10 Electromagnetic 1 | . . 1 Robot Hit Streak 9 | . 9 8 Robot Miss Streak 7 | . 2 7 Penetration Max . | . . . Secondary Targets . | . . . Shots Hit Robots 42 | . 19 23 Core Hits 28 | . 16 12 Critical Kills . | . . . Critical Parts Destroyed . | . . . Critical Strikes . | . . . Melee Attacks . | . . . Impact . | . . . Slashing . | . . . Piercing . | . . . Sneak Attacks . | . . . Combat Hostiles . | . . . Follow-up Attacks . | . . . Damage Inflicted 1122 | . 544 578 Guns 420 | . 173 247 Cannons . | . . . Explosions 700 | . 369 331 Melee . | . . . Ramming 2 | . 2 . Kinetic 305 | . 173 132 Thermal 115 | . . 115 Explosive 700 | . 369 331 Electromagnetic . | . . . Impact . | . . . Slashing . | . . . Piercing . | . . . Highest Corruption . | . . . Average Corruption . | . . . Corruption Purged . | . . . Corruption Blocked . | . . . Overload Shots . | . . . Overflow Damage 39 | . 11 28 Projectiles . | . . . Explosions 39 | . 11 28 Melee . | . . . Knockbacks . | . . . Impact . | . . . Kinetic . | . . . Secondary . | . . . Self-Inflicted Damage . | . . . Shots . | . . . Rammed . | . . . Targets Rammed 1 | . 1 . Kicked 1 | . 1 . Crushed . | . . . Highest Temperature 2 | . 2 . Average Temperature 2 | . 2 . Received Heat Transfer 252 | . 102 150 Siege Activations . | . . . Martial Activations . | . . . Shielding Activations . | . . . Robots Disrupted . | . . . Combat Hostiles . | . . . Robots Corrupted . | . . . Combat Hostiles . | . . . Parts Fried . | . . . Impact Corruptions . | . . . Robots Melted . | . . . Combat Hostiles . | . . . Parts Melted . | . . . Heat Transferred 235 | . . 235 Parts Sabotaged . | . . . Parts Stolen . | . . . Parts Stripped . | . . . Power Chain Reactions . | . . . Alert | -11 -10 -10 ------- Run | Yrd Mat Sub Maximum Alert Level . | . . . Low Security (%) 100 | 100 100 . Level 1 . | . . . Level 2 . | . . . Level 3 . | . . . Level 4 . | . . . Level 5 . | . . . High Security . | . . . Max Security . | . . . Peak Influence 119 | . 119 . Initial . | . . . Average 47 | . 52 . Influence Increases 312 | . 262 50 Destroy 0b10 Robot/C 200 | . 160 40 Destroy 0b10 Robot/NC 10 | . 10 . Destroy Leader 54 | . 44 10 Destroy Structure 48 | . 48 . Influence Decreases 312 | . 186 126 Entered New Map 37 | . . 37 Time Decay 266 | . 186 80 Lost Part 9 | . . 9 Squads Dispatched 1 | . 1 . Investigation . | . . . Extermination . | . . . Reinforcement 1 | . 1 . Assault . | . . . Garrison . | . . . Intercept . | . . . Searches Triggered . | . . . Construction Impeded . | . . . Haulers Reinforced . | . . . Active Scanning Responses . | . . . Cargo Convoy Interrupts . | . . . Stealth | -11 -10 -10 --------- Run | Yrd Mat Sub Distress Signals 1 | . 1 . Communications Jammed . | . . . Distress Signals . | . . . Times Spotted 28 | . 10 18 Peak Tracking Total 8 | . 4 8 Tactical Retreats . | . . . Traps | -11 -10 -10 ------- Run | Yrd Mat Sub Traps Triggered 2 | . 2 . Indirectly . | . . . Trap Hack Attempts . | . . . Triggered . | . . . Disarmed . | . . . Reprogrammed . | . . . Reused . | . . . Traps Extracted . | . . . Installed . | . . . Triggered . | . . . Machines | -11 -10 -10 ---------- Run | Yrd Mat Sub Machines Disabled . | . . . Max in Single Turn . | . . . Machines Repaired . | . . . Machines Dismantled . | . . . Machines Sabotaged . | . . . Overloaded Fab Kills . | . . . Hacking | -11 -10 -10 --------- Run | Yrd Mat Sub Machines Accessed 2 | . 1 1 Terminals 1 | . 1 . Fabricators . | . . . Repair Stations . | . . . Recycling Units . | . . . Scanalyzers . | . . . Garrison Access . | . . . Total Hacks 4 | . 1 3 Successful 3 | . . 3 Failed 1 | . 1 . Catastrophic . | . . . Database Lockouts . | . . . Manual . | . . . Terminals 1 | . 1 . Fabricators . | . . . Repair Stations . | . . . Recycling Units . | . . . Scanalyzers . | . . . Garrison Access . | . . . Terminal Hacks 3 | . . 3 Record 3 | . . 3 Fabricator Hacks . | . . . Repair Station Hacks . | . . . Recycling Unit Hacks . | . . . Scanalyzer . | . . . Garrison Access Hacks . | . . . Unauthorized Hacks . | . . . Terminals . | . . . Fabricators . | . . . Repair Stations . | . . . Recycling Units . | . . . Scanalyzers . | . . . Garrison Access . | . . . Data Cores Recovered . | . . . Used . | . . . Hacking Detections . | . . . Full Trace Events . | . . . Feedback Events . | . . . Feedback Blocked . | . . . Robot Schematics Acquired . | . . . Robots Built . | . . . Authchips . | . . . Time . | . . . Total Robot Build Rating . | . . . Part Schematics Acquired . | . . . Parts Built . | . . . Authchips . | . . . Time . | . . . Total Part Build Rating . | . . . Part Studies Acquired . | . . . Parts Repaired . | . . . Time . | . . . Parts Recycled . | . . . Recycled Matter . | . . . Retrieved Matter . | . . . Retrieved Components . | . . . Parts Scanalyzed . | . . . Part Schematics Acquired . | . . . Parts Damaged . | . . . Bothacking | -11 -10 -10 ------------ Run | Yrd Mat Sub Used RIF Installer . | . . . Robots Hacked . | . . . Non-combat . | . . . Combat . | . . . Robot Hacks Applied . | . . . Relay Couplers Released . | . . . Fabnet Peak Effective % . | . . . Robots Rewired . | . . . Allies Hacked . | . . . Hacks Repelled . | . . . Allies | -11 -10 -10 -------- Run | Yrd Mat Sub Total Allies . | . . . Largest Group . | . . . Highest-Rated Group . | . . . Highest-Rated Ally . | . . . Total Orders . | . . . Ally Attacks . | . . . Total Damage . | . . . Kills . | . . . Allies Corrupted . | . . . Allies Melted . | . . . Intel | -11 -10 -10 ------- Run | Yrd Mat Sub Active Infowar (turns) . | . . . Robot Analysis Total . | . . . Derelict Logs Recovered 2 | . . 2 Drone Launches . | . . . Drone Recoveries . | . . . Exploration | -11 -10 -10 ------------- Run | Yrd Mat Sub Turns Passed 1484 | 57 530 897 Spaces Moved 919 | 48 375 496 Core 88 | 19 . 69 Treads . | . . . Legs 680 | 29 375 276 Wheels 151 | . . 151 Hover . | . . . Flight . | . . . Fastest Speed 50 | 50 120 110 Average Speed 142 | 92 120 164 Slowest Speed 300 | 120 120 300 Overloaded Moves . | . . . Propulsion Burnouts . | . . . Robots Hopped . | . . . Potential Cave-ins . | . . . Cave-ins Triggered . | . . . Exploration Rate (%) 37 | 4 73 36 Regions Visited 2 Branch Regions 1 Pre-discovered Areas . | . . . Known Exits Taken . | . . . Unknown Exits Taken 2 | 1 1 . Scrap Searched . | . . . Spaces Dug . | . . . Terrain Destroyed 100 | . 51 49 Melee . | . . . Projectile . | . . . AOE 100 | . 51 49 Terrain Rammed . | . . . Walls Destroyed . | . . . Machines Disabled . | . . . Actions | -11 -10 -10 --------- Run | Yrd Mat Sub Total 1017 | 60 421 536 Wait 15 | . 15 . Move 917 | 47 374 496 Hop . | . . . Pick Up 20 | 7 8 5 Fast Attach 1 | 1 . . Attach 10 | 5 1 4 Detach . | . . . Swap 6 | . 2 4 Drop 3 | . 2 1 Fire 44 | . 18 26 Melee . | . . . Ram . | . . . Kick 1 | . 1 . Crush . | . . . Escape Stasis . | . . . Rewire . | . . . Trap . | . . . Miscellaneous . | . . . Route ------- -11/Scrapyard -10/Materials (discovered 2 exits: [*Min] / *Sub) -10/Subcaves (discovered 3 exits: *Mat x2 / *Rec) History --------- Turn | Location | Event 5 | -11/Scrapyard | Discovered new exit (range 15) 58 | -11/Scrapyard | Entered Materials 274 | -10/Materials | Discovered new exit (range 7) 312 | -10/Materials | Build established: Mutant 578 | -10/Materials | Discovered new exit (range 9) 588 | -10/Materials | Entered Subcaves 589 | -10/Subcaves | Approached by a straggling Scientist 684 | -10/Subcaves | Core integrity fell below 50% 1167 | -10/Subcaves | Lost 3 parts (1p1n1w) 1204 | -10/Subcaves | Discovered new exit (range 15) 1260 | -10/Subcaves | Learned Materials security intel 1261 | -10/Subcaves | Visited Clippyterm 1264 | -10/Subcaves | Identified exit to Recycling 1296 | -10/Subcaves | Identified exit to Materials 1395 | -10/Subcaves | Shifting Twisted Machinery released Battle Rifle 1410 | -10/Subcaves | Shifting Twisted Machinery released Scrap Shield 1477 | -10/Subcaves | Core integrity fell below 20% 1485 | -10/Subcaves | Destroyed by Autobeam Turret with Autobeam Last Messages --------------- Imp. Heat Sink destroyed. Lgt. Nuclear Core destroyed. N6-YGH(R) destroyed. The unstable cave ceiling collapses. D0-126(R) destroyed. Acquired 30 matter. Acquired 16 matter. Dropped Assault Rifle. Acquired Battle Rifle. CP-JF2(R): "GOTOSCRAP!" Subatomizers dissect the Sub. Power Source. CP-JF2(R) destroyed. The unstable cave ceiling collapses. Sub. Monowheel shoots sparks and powers down. Battle Rifle falls loose from the Twisted Machinery. Scrap Shield falls loose from the Twisted Machinery. S-10 Pest springs to life. Grenade Launcher destroyed. Map ----- +----------------------------------------------------+ | ##% #????????????????????????????????? | | # ##????????????????????????????????? | | # ### ##????????????????????????????????? | | % ###?### #????????????????????????????????? | | # ####??## ##????????????????????????????????? | | # #??## #?????????????????????????????????? | | # #??# % ##?????????????????????????????????? | | ###?## ##??????????????????????????????????? | | ##??## ##???????????????????????????????????? | | #??## ###????????????????????????????????????? | | % #?## #######?????????????????????????????????? | | ####?# #### #??????????##?????????????????????? | | ?????# ### ########## #?????????????????????? | | ?????##### # #""" ! #?????????????????????? | | ???????## """"" #?????????????????????? | | ??????## ##???????????????????????? | | ?????## ### #####?##?????????????????????? | | ????## [#?########>#####?????????????????? | | ???## "#?????"""" """"#?????????????????? | | ???# ""#?????" " " "#?????????????????? | | ???# # ""##?????? t t "#?????????????????? | | ???# ## ###??????? s#?????????????????? | | ???# ??# #????????? #?????????????????? | | ???## ???## ##????????? s ???????????????????? | | ???## ???# ####??????##s ##???????????????????? | | ???# ??## ####???# @s ## ## ??????????? | | ????# #?# ##?## ?????????? | | ???## ## ### % ## #?????????? | | ???# # % ## """ #?????????? | | ????# ""? ?????????? | | ????# "?????????????? | | ????# ## ## ### ### ????????????? | | ????##??##### ##?# #?# ????????????? | | ????????????###??# #?#% ""##" ????????????? | | ?????????????????# ### "##???????????????? | | ????????????????## ### ### ###????????????????? | | ????????????????# & #??##??##??????????????????? | | ???##########???# #??????????????????????????? | | ???# #???# # #??????????????????????????? | | ???# #??## # #?????????????????????????? | | ???# ! ## #####?????????????????????????? | | ???# =%* #?????????????????????????????? | | ???## # #?????????????????????????????? | | ???## & # ## #?????????????????????????????? | | ??## #&* ###?? # ## ??????????????????????? | | ####&! ##? ??????????????????????? | | &= ! # ????????????????????????? | | ! ### ??????????????????????????? | | #??????????????????????? | | # #??????????????????????? | +----------------------------------------------------+ Best States ------------- Heat Dissipation 39 Energy Generation 14 Energy Capacity 160 Matter Stores 300 Matter Capacity 300 Sight Range 16 Terrain Scan Density 10 Core Shielding 20 Evasion (%) 55 Item Schematics ----------------- None Robot Schematics ------------------ None Fabricated ------------ Nothing Repaired ---------- Nothing Studied --------- None Alien Tech Used ----------------- None Achievements -------------- None Challenges ------------ None Game ------ Seed PotentialNeutrinoCyclogen Manual? 0 Play Time 00:22:35 Cumulative 4.2 hours Start 2026.03.04 @ 23:48:57 End 2026.03.05 @ 00:16:26 Sessions 1 Manual Loads 0 Difficulty Rogue Special Mode None Game No. 8 Rogue 8 Adventurer 0 Explorer 0 Win Type - Total 0 Types 0/0/0/0/0/0/0/0/0/0 Lore% 3 Gallery% 6 Achievement% 6 Wizard Run 0 Options --------- Layout 1 ASCII 0 Keyboard 0 Movement Mouse Keybinds 0 Fullscreen 1 Font 24/Tamsyn Map View 50x35 Zoom Use 0% Tactical HUD 0 Map Filters NONE Filters NONE Steam 1 RUN: ddea64f5-15b5-4bee-aac4-fc97c4ca3afe